 Dungeon Crawl Stone Soup version 0.26.1 (webtiles) character file.

Game seed: 4275288078271294078

2331 Survivorfifteen the Cutter (level 9, -10/54 HPs)
             Began as a Gargoyle Wanderer on Feb 5, 2021.
             Was a Follower of Cheibriados.
             Mangled by a two-headed ogre
             ... wielding a +0 giant club
              (11 damage)
             ... on level 8 of the Dungeon on Feb 6, 2021.
             The game lasted 00:46:28 (5177 turns).

Survivorfifteen the Cutter (Gargoyle Wanderer)      Turns: 5177, Time: 00:46:29

Health: -10/54     AC: 15    Str: 20    XL:     9   Next: 42%
Magic:  9/9        EV: 13    Int: 14    God:    Cheibriados [*.....]
Gold:   309        SH:  0    Dex: 16    Spells: 8/8 levels left

rFire    x . .     SeeInvis .   j - +4 dagger (elec) {Seizure}
rCold    + . .     Faith    .   (no shield)
rNeg     + . .     Spirit   .   d - +0 ring mail
rPois    ∞         Reflect  .   w - +0 helmet (curse)
rElec    +         Harm     .   (no cloak)
rCorr    .         Rampage  .   x - +0 pair of gloves
Will     .....                  (no boots)
Stlth    ++........             (no amulet)
HPRegen  0.18/turn              q - ring of ice
MPRegen  0.11/turn              u - +4 ring of slaying

@: very slow
A: negative energy resistance 1, electricity resistance, unbreathing,
petrification resistance, miasma immunity, AC +6
a: Renounce Religion, Bend Time


You were on level 8 of the Dungeon.
You worshipped Cheibriados.
Cheibriados was aware of your devotion.
You visited 1 branch of the dungeon, and saw 8 of its levels.

You collected 309 gold pieces.

Inventory:

Hand Weapons
 a - a +2 mace {Big dick energy}
 b - a +0 hand crossbow
 e - a +0 dagger
 h - a +0 dagger
 j - a +4 dagger of electrocution (weapon) {Seizure}
 l - a +0 dagger
 C - a cursed +3 hand axe
 D - a +3 morningstar
Missiles
 c - 22 bolts
Armour
 d - a +0 ring mail (worn)
 m - a +0 robe of positive energy
 n - a scarf of invisibility
 w - a cursed +0 helmet (worn)
 x - a +0 pair of gloves (worn)
Jewellery
 p - an uncursed ring of protection from fire {unknown}
 q - a ring of ice (left hand)
 s - an uncursed amulet of inaccuracy
 u - a +4 ring of slaying (right hand)
 v - an uncursed ring of poison resistance {unknown}
 y - a cursed ring of teleportation {unknown}
Wands
 z - a wand of disintegration (13)
Scrolls
 i - 4 scrolls of teleportation
 k - 2 scrolls of amnesia
 r - 3 scrolls of identify
 A - a scroll of blinking {unknown}
 B - a scroll of fog
Potions
 f - 2 potions of haste
 g - 2 potions of curing
 o - a potion of lignification
 t - 6 potions of heal wounds


   Skills:
 + Level 5.5 Fighting
 * Level 7.5 Short Blades
 + Level 4.0 Maces & Flails
 + Level 6.0 Armour
 + Level 3.3 Dodging
 + Level 4.7 Stealth


You had 8 spell levels left.
You didn't know any spells.
Your spell library was empty.

Dungeon Overview and Level Annotations

Branches:
Dungeon (7/15)
 Temple: D:4-7

Altars:
Ashenzari
Cheibriados
Dithmenos
Okawaru
The Shining One

Shops:
D:4 :


Innate Abilities, Weirdness & Mutations

You are resistant to torment.
Your stone body is resilient. (AC +6)
You are immune to poison.
You resist negative energy. (rN+)
You are resistant to electric shocks. (rElec)
You can survive without breathing.
You are immune to petrification.
You are immune to miasma.


Message History

The two-headed ogre is moderately wounded.
You hit the two-headed ogre.
The two-headed ogre is moderately wounded.
The two-headed ogre misses you. The two-headed ogre barely misses you.
You hit the two-headed ogre.
The two-headed ogre is moderately wounded.
You hit the two-headed ogre.
The two-headed ogre is moderately wounded.
The two-headed ogre hits you with a +0 giant club.
The two-headed ogre barely misses you.
You hit the two-headed ogre.
The two-headed ogre is heavily wounded.
You hit the two-headed ogre.
The two-headed ogre is heavily wounded.
The two-headed ogre hits you with a +0 giant club!!
* * * LOW HITPOINT WARNING * * *
The two-headed ogre hits you with a +0 giant club!
* * * LOW HITPOINT WARNING * * *
The two-headed ogre hits you with a +0 giant club!
You die...

.. #...# ##.##
#...<.........#
..z #...###..#
#.............#
z...##.......##
#..........>.##
#.z....#####.##
##...........#
##..#### ##.##
###.........#
... #..##
########### #.
##..## # ##..#
## ##@##.##
###O...##
#.......#
#.........#
#..........#
#...........#
##........###
##.....###
###.###


You could see a two-headed ogre.

Vanquished Creatures
  A wyvern (D:8)
  2 ice beasts
  3 sky beasts (D:5)
  An orc warrior (D:4)
  3 ogres
  A centaur (D:6)
  4 bullfrogs
  2 scorpions (D:5)
  3 wights (D:8)
  A howler monkey (D:6)
  A centaur zombie (D:5)
  2 hounds (D:5)
  A jelly (D:5)
  An orc priest (D:4)
  A centaur skeleton (D:6)
  A bullfrog skeleton (D:4)
  3 iguanas
  2 orc wizards
  6 worker ants
  2 hound skeletons
  A worker ant zombie (D:5)
  4 gnolls (D:6)
  10 adders
  3 ufetubi
  An ooze (D:1)
  2 adder skeletons (D:4)
  A dart slug (D:1)
  A worm (D:3)
  7 leopard geckos
  15 orcs
  3 ball pythons (D:2)
  5 bats
  4 giant cockroaches
  8 goblins
  4 hobgoblins
  12 jackals
  10 kobolds
  4 quokkas (D:3)
  4 frilled lizards
  A quokka skeleton (D:5)
  7 rats
148 creatures vanquished.

Vanquished Creatures (others)
  26 plants
26 creatures vanquished.

Grand Total: 174 creatures vanquished

Notes
Turn   | Place    | Note
-------+----------+-------------------------------------------
     0 | D:1      | Survivorfifteen the Gargoyle Wanderer began the quest for
                  | the Orb.
     0 | D:1      | Survivorfifteen set off with the following items: a +2
                  | mace, a +0 hand crossbow, 22 bolts, a +0 ring mail, a +0
                  | dagger
     0 | D:1      | Reached XP level 1. HP: 14/14 MP: 1/1
   117 | D:1      | Reached XP level 2. HP: 15/19 MP: 2/2
   304 | D:1      | Reached XP level 3. HP: 24/24 MP: 3/3
   929 | D:2      | Reached skill level 1 in Short Blades
   929 | D:2      | Reached XP level 4. HP: 29/29 MP: 4/4
  1024 | D:2      | Noticed a bullfrog
  1035 | D:2      | Killed a bullfrog
  1036 | D:2      | Reached XP level 5. HP: 24/33 MP: 5/5
  1600 | D:3      | Reached skill level 2 in Short Blades
  1717 | D:3      | Reached skill level 1 in Dodging
  1845 | D:3      | Reached XP level 6. HP: 31/38 MP: 6/6
  2444 | D:4      | Reached skill level 3 in Short Blades
  2466 | D:4      | Found Egeizain's Book Shoppe.
  2808 | D:4      | Noticed an orc warrior
  2821 | D:4      | Killed an orc warrior
  2822 | D:4      | Reached skill level 4 in Short Blades
  2822 | D:4      | Reached XP level 7. HP: 9/44 MP: 7/7
  3260 | D:5      | Entered Level 5 of the Dungeon
  3355 | D:5      | Reached skill level 5 in Short Blades
  3566 | D:5      | Found an iron altar of Okawaru.
  3566 | D:5      | Found a snail-covered altar of Cheibriados.
  3632 | D:5      | Became a worshipper of Cheibriados the Contemplative
  3695 | D:5      | Reached XP level 8. HP: 37/48 MP: 8/8
  3976 | D:5      | Reached skill level 5 in Fighting
  3978 | D:5      | Reached skill level 6 in Short Blades
  3978 | D:5      | Reached skill level 5 in Armour
  4292 | D:6      | Found a broken altar of Ashenzari.
  4302 | D:6      | Reached * piety under Cheibriados
  4414 | D:6      | Reached XP level 9. HP: 54/54 MP: 9/9
  4418 | D:6      | Reached skill level 7 in Short Blades
  4689 | D:6      | Found a glowing golden altar of the Shining One.
  4742 | D:7      | You fall into a shaft and drop 1 floor!
  4847 | D:8      | Found a shadowy altar of Dithmenos.
  5165 | D:8      | Noticed a two-headed ogre
  5175 | D:8      | HP: 1/54 [two-headed ogre/+0 giant club (7)]
  5177 | D:8      | Mangled by a two-headed ogre

Illustrated notes

Levels and vault maps discovered:
D:1:      lightli_iron_boxes, layout_loops_ring, minmay_misc_feat_alley
D:2:      layout_basic
D:3:      layout_basic, serial_bayou_pond_c, grunt_ministairs_14
D:4:      layout_basic, serial_shops, shop
D:5:      layout_cave_pools, gammafunk_temple_overflow_elements,
          minmay_lizard_king
D:6:      layout_basic, tso_oasis_becter, cheibrodos_ashenzari_chains
D:7:      layout_loops_corners, nicolae_overflow_crystal_walls,
          minmay_temple_entry_purple_smoke, serial_shops,
          nicolae_shop_temple_entry_statues_fountains, uniq_maggie
D:8:      layout_cave_pods, nicolae_dithmenos_shadow_blocks, serial_bayou_pond_c

Skill      XL: |  1  2  3  4  5  6  7  8  9 |
---------------+----------------------------+-----
Short Blades   | 1 2 4 5 6 7 |  7.5
Fighting       | 4 5 |  5.5
Armour         | 3 4 5 6 |  6.0
Maces & Flails | 4 |  4.0
Dodging        | 1 2 3 |  3.3
Stealth        | 3 4 |  4.7

Action                   |  1- 3 |  4- 6 |  7- 9 || total
-------------------------+-------+-------+-------++-------
Melee: Mace              |    30 |       |       ||    30
       Dagger            |    43 |   221 |   215 ||   479
  Use: Scroll            |     2 |     7 |     3 ||    12
       Potion            |     2 |     2 |     1 ||     5
 Stab: Sleeping          |     1 |     4 |     3 ||     8
Armor: Ring mail         |    40 |    78 |   195 ||   313
Dodge: Dodged            |    53 |    88 |   198 ||   339
